 Dungeon Crawl Stone Soup version 0.29.1-13-g9f3cf754e1 (webtiles) character file.

Game seed: 9846649980269548317

1281 tkbsonic5 the Magician (level 8, 0/59 HPs)
             Began as a Djinni Ice Elementalist on Jan 20, 2023.
             Was a Believer of Uskayaw.
             Slain by a water moccasin (3 damage)
             ... on level 6 of the Dungeon.
             The game lasted 00:24:39 (6904 turns).

tkbsonic5 the Magician (Djinni Ice Elementalist)    Turns: 6904, Time: 00:24:39

Health: 0/59       AC:  7    Str:  6 (7)  XL:     8   Next: 84%
Gold:   97         EV: 16    Int: 18 (19) God:    Uskayaw [**....] SH:  0 Dex: 11 (14)

rFire   + + .      SeeInvis .   E - +4 war axe
rCold   . . .      Faith    .   (no shield)
rNeg    . . .      Spirit   .   A - +2 leather armour {rC+}
rPois   ∞          Reflect  .   o - +0 helmet
rElec   .          Harm     .   K - scarf {shadows}
rCorr   .          Rampage  .   N - +0 pair of gloves
Will    .....                   (boots unavailable)
Stlth   +.........              v - amulet of the acrobat
HPRegen 0.19/turn               l - +4 ring of evasion
MPRegen 0.00/turn               (no ring)

@: mighty, attractive, flying
A: sickness immunity, fire resistance 2, cold vulnerability 1, float, innate
caster, HP casting, extra vitality 1
a: Renounce Religion, Stomp, Line Pass


You were on level 6 of the Dungeon.
You worshipped Uskayaw.
Uskayaw was noncommittal.
You visited 2 branches of the dungeon, and saw 7 of its levels.

You collected 279 gold pieces.
You spent 182 gold pieces at shops.

Inventory:

Hand Weapons
 c - a +0 dagger
 i - a +0 flail
 j - a +1 hand axe of electrocution
 y - a +4 sling
 D - a +3 whip of flaming
 E - a +4 war axe (weapon)
 J - a +1 scythe of protection
Missiles
 n - 11 poisoned darts
 G - a throwing net
Armour
 o - a +0 helmet (worn)
 A - a +2 leather armour of cold resistance (worn)
 K - a scarf of shadows (worn)
 M - a +0 scale mail of poison resistance
 N - a +0 pair of gloves (worn)
Jewellery
 k - an amulet of faith
 l - a +4 ring of evasion (left hand)
 v - an amulet of the acrobat (around neck)
Wands
 q - a wand of mindburst (2)
 H - a wand of digging (6)
 O - a wand of flame (19)
Scrolls
 a - a scroll of identify
 d - 4 scrolls of immolation
 g - a scroll of fear {unknown}
 m - a scroll of teleportation {unknown}
 p - a scroll of poison {unknown}
 r - a scroll of vulnerability {unknown}
 s - a scroll of magic mapping
 t - a scroll of enchant armour {unknown}
 z - a scroll of blinking {unknown}
 B - a scroll of summoning {unknown}
 I - 2 scrolls of butterflies {unknown}
Potions
 f - a potion of degeneration
 h - a potion of attraction
 u - a potion of resistance {unknown}
 w - a potion of heal wounds {unknown}
 L - a potion of flight {unknown}


   Skills:
 * Level 5.0 Fighting
 * Level 3.3 Axes
 + Level 4.3 Dodging
 - Level 1.5 Stealth
 * Level 5.2 Spellcasting
 + Level 1.6 Invocations
 + Level 2.6 Evocations


You couldn't memorise any spells.
You knew the following spells:

 Your Spells              Type           Power      Damage    Failure   Level
a - Freeze                Ice            92%        1d10      2%          1
b - Frozen Ramparts       Ice            46%        1d7       7%          3
c - Ozocubu's Armour      Ice            23%        N/A       7%          3
d - Hailstorm             Conj/Ice       23%        3d7       22%         4
e - Necrotise             Necr           92%        1d8       2%          1
f - Poisonous Vapours     Pois/Air       46%        N/A       3%          2
g - Gell's Gravitas       Tloc           23%        N/A       7%          3
Your spell library was empty.

Dungeon Overview and Level Annotations

Branches:
Dungeon (6/15)             Temple (1/1) D:5

Altars:
Ashenzari
Cheibriados
Elyvilon
Hepliaklqana
Okawaru
Qazlal
Uskayaw
Wu Jian
Yredelemnul

Shops:
D:2 *   D:3 (   D:5 [

Annotations:
D:4 1 transporter, croobank's ghost, amateur DgCj
D:6 1 runed translucent door, Midpoint's ghost, weakling FeDe


Innate Abilities, Weirdness & Mutations

You are immune to sickness and miasma.
You are immune to poison.
Your flesh is very heat resistant. (rF++)
You are vulnerable to cold. (rC-)
You float through the air rather than walking.
You learn spells naturally, not from books.
Your magical power is your life essence.
You have superior vitality. (+4 MHP)


Message History

Your magical contamination has completely faded away.
You are confused.
You feel invigorated.
The water moccasin bites you but does no damage. x2
Something hits you.
* * * LOW HITPOINT WARNING * * *
Something shocks you.
* * * LOW HITPOINT WARNING * * *
The water moccasin bites you but does no damage.
The water moccasin bites you.
* * * LOW HITPOINT WARNING * * *
You miss something. You completely miss the water moccasin.
You hit the water moccasin. Something hits you but does no damage.
The water moccasin bites you.
* * * LOW HITPOINT WARNING * * *
The water moccasin bites you.
* * * LOW HITPOINT WARNING * * *
A sky beast appears from thin air!
Reactivating autopickup.
The sky beast barely misses you. The water moccasin bites you.
* * * LOW HITPOINT WARNING * * *
You feel better.
You feel less invigorated. The water moccasin closely misses you.
The water moccasin barely misses you. The water moccasin bites you.
* * * LOW HITPOINT WARNING * * *
The sky beast hits you.
* * * LOW HITPOINT WARNING * * *
The sky beast shocks you.
* * * LOW HITPOINT WARNING * * *
It was a potion of might.
You feel very mighty all of a sudden.
The water moccasin bites you but does no damage.
The water moccasin closely misses you.
The sky beast hits you but does no damage.
You completely miss the sky beast.
The sky beast is heavily wounded.
You barely miss the water moccasin. You closely miss the water moccasin.
The water moccasin misses you. The water moccasin closely misses you.
The water moccasin bites you.
You die...

#.....#......#.
##....#........ #..#
##............ ..#
##.).......## #.#
####...#...## .# #.##
#......##.## #..###..#
#.........
#.....####..........
#.#..Y@##..............
#....SS................
...###...........)......#
.# #......##....... . #
#...##...[.#....
.....###...###.. .##....
#....# .. ##.. ......


You could see 2 water moccasins and a sky beast.

Vanquished Creatures
  Sigmund (D:4)
  Menkaure (D:4)
  2 black bears (D:6)
  A sky beast (D:6)
  An ice beast (D:6)
  An orc warrior (D:6)
  A scorpion (D:5)
  A jelly (D:4)
  3 hounds
  An orc priest (D:6)
  A gnoll bouda (D:5)
  An iguana (D:5)
  2 orc wizards
  11 gnolls
  3 adders
  A white imp (D:5)
  An ufetubus (D:5)
  3 dart slugs
  20 orcs
  2 ball pythons (D:1)
  4 endoplasms
  2 giant cockroaches
  5 goblins
  2 hobgoblins
  3 quokkas
  5 bats
  4 frilled lizards (D:2)
  2 kobolds (D:1)
  An orc zombie (D:5)
  4 rats
90 creatures vanquished.

Notes
Turn   | Place    | Note
-------+----------+-------------------------------------------
     0 | D:1      | tkbsonic5 the Djinni Ice Elementalist began the quest for
                  | the Orb.
     0 | D:1      | tkbsonic5 set off with the following spells memorised:
                  | Freeze, Frozen Ramparts, Ozocubu's Armour, Hailstorm.
     0 | D:1      | Reached XP level 1. HP: 15/15 MP: 0/0
   286 | D:1      | Reached skill level 1 in Fighting
   286 | D:1      | Reached XP level 2. HP: 9/22 MP: 0/0
   884 | D:1      | Found a faded altar of an unknown god.
  1816 | D:2      | Found Veisuenn's General Store.
  1824 | D:2      | Reached XP level 3. HP: 19/27 MP: 0/0
  1824 | D:2      | Learned a level 1 spell: Necrotise
  1985 | D:2      | Bought a scroll of identify for 20 gold pieces
  2650 | D:3      | Found a snail-covered altar of Cheibriados.
  2910 | D:3      | Found Sisyeryl's Weapon Shop.
  2924 | D:3      | Reached XP level 4. HP: 30/33 MP: 0/0
  3734 | D:4      | Reached XP level 5. HP: 31/39 MP: 0/0
  3734 | D:4      | Learned a level 2 spell: Poisonous Vapours
  4090 | D:4      | Noticed Menkaure
  4092 | D:4      | Killed Menkaure
  4093 | D:4      | Reached skill level 1 in Axes
  4093 | D:4      | Reached skill level 1 in Evocations
  4093 | D:4      | Reached XP level 6. HP: 46/46 MP: 0/0
  4537 | D:4      | Noticed Sigmund
  4541 | D:4      | Killed Sigmund
  4542 | D:4      | Reached XP level 7. HP: 51/51 MP: 0/0
  4542 | D:4      | Learned a level 3 spell: Gell's Gravitas
  4582 | D:4      | Found a transporter.
  4694 | D:4      | Noticed croobank's ghost (amateur DgCj)
  4696 | D:4      | Identified the +6 giant club of the Freezing Lamprey
                  | {freeze, rF+}
  5080 | D:5      | Entered Level 5 of the Dungeon
  5080 | D:5      | Found a sand-covered staircase.
  5409 | D:5      | Found Nedi Loura's Armour Boutique.
  5420 | D:5      | Bought a +0 scale mail of poison resistance for 104 gold
                  | pieces
  5420 | D:5      | Bought a +0 pair of gloves for 58 gold pieces
  5536 | D:5      | Found a staircase to the Ecumenical Temple.
  5597 | Temple   | Entered the Ecumenical Temple
  5853 | Temple   | Became a worshipper of Uskayaw the Reveller
  5900 | D:5      | Reached * piety under Uskayaw
  5901 | D:5      | Reached XP level 8. HP: 54/58 MP: 0/0
  6201 | D:5      | Reached ** piety under Uskayaw
  6312 | D:6      | Found a runed translucent door.
  6322 | D:6      | Noticed Midpoint's ghost (weakling FeDe)
  6379 | D:6      | Reached skill level 5 in Spellcasting
  6379 | D:6      | Reached skill level 1 in Invocations
  6887 | D:6      | Reached *** piety under Uskayaw
  6896 | D:6      | Reached skill level 5 in Fighting
  6900 | D:6      | HP: 1/59 [water moccasin (2)]
  6904 | D:6      | Slain by a water moccasin

Illustrated notes

Levels and vault maps discovered:
D:1:      minmay_arrival_up_and_down, layout_basic,
          shapermc_ecumenical_altar_totnotflames
D:2:      layout_loops_ring, serial_shops, nicolae_shop_stone
D:3:      layout_loops_cross, amcnicky_altar_gilded, serial_shops,
          nicolae_shop_bloodbath_and_beyond, grunt_ministairs_3
D:4:      layout_layer_cave, gammafunk_ghost_smash, uniq_menkaure, uniq_sigmund
D:5:      layout_cave_pools, minmay_temple_entry_arrows, serial_shops,
          nicolae_square_shop, enter_ossuary_3
D:6:      layout_cave_pools, tso_metal_star, gammafunk_ghost_grave,
          lightli_sewer_entry_pipes, serial_shops, nicolae_shop_statue_plus,
          minmay_starry_boxes
Temple:   hellmonk_temple_flake

Skill      XL: |  1  2  3  4  5  6  7  8 |
---------------+-------------------------+-----
Fighting       | 1 2 3 4 5 |  5.0
Spellcasting   | 4 5 |  5.2
Axes           | 1 2 3 |  3.3
Dodging        | 3 4 |  4.3
Evocations     | 1 2 |  2.6
Invocations    | 1 |  1.6
Stealth        | |  1.5

Action                   |  1- 3 |  4- 6 |  7- 9 || total
-------------------------+-------+-------+-------++-------
Melee: Flail             |     1 |       |       ||     1
       Hand axe          |       |     4 |       ||     4
       War axe           |       |       |    19 ||    19
 Fire: Sling             |       |     8 |       ||     8
 Cast: Freeze            |    32 |     1 |     8 ||    41
       Necrotise         |    30 |    53 |    62 ||   145
       Ozocubu's Armour  |     1 |       |     5 ||     6
       Frozen Ramparts   |       |     2 |     5 ||     7
       Poisonous Vapours |       |       |    16 ||    16
       Gell's Gravitas   |       |       |     1 ||     1
Invok: Stomp             |       |       |     2 ||     2
       Line Pass         |       |       |     2 ||     2
Evoke: Wand              |       |     3 |       ||     3
  Use: Scroll            |     2 |       |     3 ||     5
       Potion            |       |     2 |    10 ||    12
Armor: Robe              |     2 |       |       ||     2
       Leather armour    |    10 |     6 |    26 ||    42
       Skin              |       |       |     3 ||     3
Dodge: Dodged            |    14 |    16 |    53 ||    83
